 Dungeon Crawl Stone Soup version 0.20.1-1-g8b1a95d (webtiles) character file.

968 Aleksandr27reg the Reanimator (level 7, -11/46 HPs)
             Began as a Mummy Necromancer on Nov 5, 2017.
             Mangled by a two-headed ogre
             ... wielding a cursed +0 giant club
              (26 damage)
             ... on level 6 of the Dungeon on Nov 6, 2017.
             The game lasted 00:38:12 (5996 turns).

Aleksandr27reg the Reanimator (Mummy Necromancer)   Turns: 5996, Time: 00:38:12

Health: -11/46     AC:  4    Str: 11    XL:     7   Next: 93%
Magic:  15/16      EV: 12    Int: 16    God:
Gold:   278        SH:  0    Dex: 13    Spells: 10/18 levels left

rFire    . . .     SeeInvis .   g - +0 dagger (venom)
rCold    + . .     Gourm    .   (no shield)
rNeg     + + +     Faith    .   d - +2 robe {Archmagi}
rPois    ∞         Spirit   .   (no helmet)
rElec    .         Reflect  .   (no cloak)
rCorr    +         Harm     .   (no gloves)
MR       .....                  (no boots)
Stlth    ++........             (no amulet)
Regen    0.2/turn               c - ring of resist corrosion
MPRegen  0.2/turn               f - ring of protection from fire

@: no status effects
A: no food or potions, fire vulnerability, cold resistance 1, negative energy
resistance 3, torment resistance, unbreathing
a: no special abilities


You were on level 6 of the Dungeon.
You were not hungry.

You visited 1 branch of the dungeon, and saw 6 of its levels.

You collected 278 gold pieces.

Inventory:

Hand Weapons
 g - a +0 dagger of venom (weapon)
 i - a +1 dagger of freezing
 l - a +0 quarterstaff
Armour
 d - a +2 robe of the Archmagi (worn)
Jewellery
 c - a ring of resist corrosion (left hand)
 f - a ring of protection from fire (right hand)
 h - an uncursed ring of stealth
Wands
 n - a wand of flame (41/48)
Scrolls
 j - 4 scrolls of enchant armour
 k - 2 scrolls of magic mapping
 o - a scroll of amnesia
Books
 b - a book of Necromancy

   Spells                             Type                      Level
   a - Pain                           Necromancy                   1
   b - Animate Skeleton               Necromancy                   1
   c - Vampiric Draining              Necromancy                   3
   d - Regeneration                   Charms/Necromancy            3
   e - Animate Dead                   Necromancy                   4
   f - Control Undead                 Necromancy                   4


   Skills:
 - Level 1.5 Dodging
 - Level 1.5 Stealth
 - Level 6.0 Spellcasting
 + Level 8.9 Necromancy


You had 10 spell levels left.
You knew the following spells:

 Your Spells              Type           Power        Failure   Level  Hunger
a - Pain                  Necr           ####         1%          1    N/A
b - Vampiric Draining     Necr           ######....   1%          3    N/A
c - Control Undead        Necr           ######....   3%          4    N/A

Dungeon Overview and Level Annotations

Branches:
Dungeon (6/15)
 Temple: D:4-7

Altars:
Fedhas
Hepliaklqana
Kikubaaqudgha
Makhleb
Trog
Yredelemnul
The Shining One


Innate Abilities, Weirdness & Mutations

You do not eat or drink.
Your flesh is vulnerable to fire.
You are immune to poison.
Your flesh is cold resistant. (rC+)
You are immune to negative energy. (rN+++)
You are immune to unholy pain and torment.
You can survive without breathing.


Message History

Casting: Pain
Confirm with . or Enter, or press ? or * to list all spells.
Aiming: Vampiric Draining
Press: ? - help, Shift-Dir - straight line, f/p - two-headed ogre
Aim: a two-headed ogre, wielding two giant clubs You feel a surge of power!
The two-headed ogre is moderately wounded.
You feel life coursing into your body.
The two-headed ogre hits you with a giant club!
The two-headed ogre hits you with a giant club!!
* * * LOW HITPOINT WARNING * * *
Casting: Vampiric Draining
Confirm with . or Enter, or press ? or * to list all spells.
Aiming: Pain
Press: ? - help, Shift-Dir - straight line, f/p - two-headed ogre
Aim: a two-headed ogre, wielding two giant clubs (lightly wounded, chance to defeat MR: 71%)
You feel a surge of power!
The two-headed ogre writhes in agony!
The two-headed ogre hits you with a giant club!!
Ouch! That really hurt!
You die...

#<.............[...##.##.# #...
#..................##.##.#####...
.................)..#.##.........
#................................
....................#..#.(.......
#..................<...#######...
#..................###.# #...
#.#####.########O#.###.# ....
........########@......# ....
.##.#...##......(#.##### ...
.##..#.#.#.#####.#.# .
.##........#####.#.#
.###.#.#...##...%..#
.###..........##.###
.......##........#
####.####.######## #......#


You could see a two-headed ogre.

Vanquished Creatures
  An ice beast (D:6)
  3 ogres
  A centaur (D:5)
  A howler monkey (D:4)
  A crimson imp (D:6)
  An orc priest (D:5)
  2 hounds
  A gnoll shaman (D:4)
  Jessica (D:2)
  A centaur skeleton (D:4)
  4 worker ants
  A hound skeleton (D:6)
  6 gnolls
  7 adders
  An ooze (D:3)
  An adder zombie (D:5)
  A worm (D:4)
  4 dart slugs
  3 leopard geckos
  3 orcs
  15 giant cockroaches
  5 goblins
  3 hobgoblins
  3 jackals
  5 kobolds
  2 quokkas
  3 frilled lizards
  A jackal skeleton (D:5)
  A leopard gecko zombie (D:6)
  A quokka skeleton (D:5)
  9 rats
92 creatures vanquished.

Vanquished Creatures (collateral kills)
  An adder (D:4)
  A frilled lizard (D:4)
2 creatures vanquished.

Vanquished Creatures (others)
  A human (D:2)
1 creature vanquished.

Grand Total: 95 creatures vanquished

Notes
Turn   | Place    | Note
-------+----------+-------------------------------------------
     0 | D:1      | Aleksandr27reg the Mummy Necromancer began the quest for the Orb.
     0 | D:1      | Reached XP level 1. HP: 13/13 MP: 4/4
   229 | D:1      | Reached XP level 2. HP: 19/19 MP: 3/6
   665 | D:1      | spell
   899 | D:2      | Reached XP level 3. HP: 24/24 MP: 6/8
   901 | D:2      | Noticed Jessica
   921 | D:2      | Killed Jessica
  1014 | D:2      | Reached skill level 5 in Spellcasting
  1080 | D:2      | Found an ancient bone altar of Kikubaaqudgha.
  1081 | D:2      | Noticed a human
  1083 | D:2      | Killed a human
  1111 | D:2      | Reached XP level 4. HP: 30/30 MP: 7/11
  1773 | D:3      | Found a burning altar of Makhleb.
  1955 | D:3      | Found a glowing golden altar of the Shining One.
  1976 | D:3      | Noticed a moth of wrath
  1979 | D:3      | Found a bloodstained altar of Trog.
  2300 | D:4      | Reached XP level 5. HP: 23/35 MP: 6/13
  2480 | D:4      | Found a blossoming altar of Fedhas.
  2480 | D:4      | Noticed an ogre
  2533 | D:4      | Killed an ogre
  2533 | D:4      | Reached skill level 5 in Necromancy
  2595 | D:4      | Reached XP level 6. HP: 37/41 MP: 12/15
  2834 | D:4      | Reached skill level 6 in Necromancy
  2971 | D:4      | Learned a level 3 spell: Vampiric Draining
  2976 | D:4      | Learned a level 4 spell: Control Undead
  3464 | D:4      | Reached skill level 7 in Necromancy
  3576 | D:4      | Reached XP level 7. HP: 46/46 MP: 6/16
  3681 | D:5      | Entered Level 5 of the Dungeon
  4425 | D:5      | Found a basalt altar of Yredelemnul.
  4425 | D:5      | Found a hazy altar of Hepliaklqana.
  4955 | D:5      | Found a bloodstained altar of Trog.
  5259 | D:6      | Reached skill level 8 in Necromancy
  5625 | D:6      | Noticed a two-headed ogre
  5996 | D:6      | Mangled by a two-headed ogre

Skill      XL: |  1  2  3  4  5  6  7 |
---------------+----------------------+-----
Spellcasting   | 3 4 5 6 |  6.0
Necromancy     | 5 7 8 |  8.9
Dodging        | |  1.5
Stealth        | |  1.5

Action                   |  1- 3 |  4- 6 |  7- 9 || total
-------------------------+-------+-------+-------++-------
Melee: Unarmed           |     2 |       |       ||     2
       Dagger            |       |    10 |   154 ||   164
 Cast: Pain              |    47 |   112 |    50 ||   209
       Control Undead    |       |     5 |     6 ||    11
       Vampiric Draining |       |       |     1 ||     1
Evoke: Wand              |       |       |     2 ||     2
  Use: Scroll            |     1 |    12 |     4 ||    17
Armor: Robe              |     3 |    17 |    29 ||    49
Dodge: Dodged            |     9 |    29 |    84 ||   122
